 Dungeon Crawl Stone Soup version 0.29-a0-284-gf9362112df (webtiles) character file.

Game seed: 11416041622991100797

23 gzilladon the Firebug (level 2, 0/20 HPs)
             Began as a Hill Orc Fire Elementalist on Mar 24, 2022.
             Was a Follower of the Shining One.
             Slain by a worm (10 damage)
             ... on level 2 of the Dungeon.
             The game lasted 00:05:06 (1145 turns).

gzilladon the Firebug (Hill Orc Fire Elementalist)  Turns: 1145, Time: 00:05:07

Health: 0/20       AC:  3    Str: 10    XL:     2   Next: 95%
Magic:  4/4        EV: 12    Int: 15    God:    the Shining One [*.....]
Gold:   16         SH:  0    Dex: 11    Spells: 3/4 levels left

rFire   . . .      SeeInvis .   c - +0 club
rCold   . . .      Faith    .   (no shield)
rNeg    . . .      Spirit   .   a - +0 robe
rPois   .          Reflect  .   (no helmet)
rElec   .          Harm     .   (no cloak)
rCorr   .          Rampage  .   (no gloves)
Will    .....                   f - +0 pair of boots
Stlth   +.........              (no amulet)
HPRegen 0.06/turn               (no ring)
MPRegen 0.09/turn               (no ring)

@: glowing
A: no striking features
a: Renounce Religion, Divine Shield


You were on level 2 of the Dungeon.
You worshipped the Shining One.
The Shining One was aware of your devotion.
You visited 1 branch of the dungeon, and saw 2 of its levels.

You collected 16 gold pieces.

Inventory:

Hand Weapons
 c - a +0 club (weapon)
Missiles
 d - 4 stones
Armour
 a - a +0 robe (worn)
 f - a +0 pair of boots (worn)
 g - a +0 ring mail
Jewellery
 e - a ring of willpower
Scrolls
 j - a scroll of enchant armour {unknown}
 k - a scroll of noise {unknown}
Potions
 b - a potion of magic
 h - a potion of lignification {unknown}
 i - a potion of cancellation {unknown}


   Skills:
 + Level 0.1 Fighting
 + Level 0.6 Maces & Flails
 + Level 1.6 Dodging
 + Level 1.6 Stealth
 + Level 1.9 Spellcasting
 + Level 1.0 Conjurations
 + Level 3.9 Fire Magic


You had 3 spell levels left.
You knew the following spells:

 Your Spells              Type           Power      Damage    Failure   Level
a - Foxfire               Conj/Fire      32%        2x1d5     9%          1

Your spell library contained the following spells:

 Spells                   Type           Power      Damage    Failure   Level
 Scorch                   Fire           26%        2d6       7%          2
 Conjure Flame            Conj/Fire      8%         6-21      24%         3
 Inner Flame              Hex/Fire       7%         N/A       30%         3
 Flame Wave               Conj/Fire      8%         2d5       63%         4


Dungeon Overview and Level Annotations

Branches:
Dungeon (2/15)

Altars:
The Shining One


Message History

The worm is lightly wounded.
The worm completely misses you.
You hit the worm.
The worm is moderately wounded.
The worm bites you.
A gnoll comes into view. It is wielding a +0 flail.
The gnoll shouts!
You hit the worm.
The worm is moderately wounded.
You hear a shout!
The worm closely misses you.
You hit the worm but do no damage.
The worm is lightly wounded.
A gnoll comes into view. It is wielding a staff of death.
The worm bites you.
You hit the worm.
The worm is moderately wounded.
You hit the worm.
The worm is heavily wounded.
The worm barely misses you.
You hit the worm but do no damage.
The worm is heavily wounded.
The worm barely misses you.
You hit the worm.
The worm is heavily wounded.
The worm completely misses you.
You hit the worm.
The worm is severely wounded.
A gnoll comes into view. It is wielding a +0 spear.
You hit the worm.
The worm is severely wounded.
The worm bites you but does no damage.
You hit the worm.
The worm is severely wounded.
The worm bites you.
You hit the worm but do no damage.
The worm is severely wounded.
The worm bites you!
Ouch! That really hurt!
You die...

#...# #...
#... #.. #g.
#g# #w# #@#
#.# #.# #.#
#.# #.# #.#
###.# #.#
....###+#####
#.#
#..........#


You could see a worm and 2 gnolls.

Vanquished Creatures
  An adder (D:2)
  2 endoplasms (D:1)
  A giant cockroach (D:1)
  2 hobgoblins (D:1)
  4 kobolds (D:1)
  2 bats (D:1)
  A rat (D:1)
13 creatures vanquished.

Notes
Turn   | Place    | Note
-------+----------+-------------------------------------------
     0 | D:1      | gzilladon the Hill Orc Fire Elementalist began the quest
                  | for the Orb.
     0 | D:1      | Reached XP level 1. HP: 14/14 MP: 3/3
   283 | D:1      | Reached XP level 2. HP: 2/20 MP: 4/4
   644 | D:1      | Found a faded altar of an unknown god.
   647 | D:1      | Prayed at the altar of an unknown god.
   647 | D:1      | Became a worshipper of the Shining One
   647 | D:1      | Reached * piety under the Shining One
   748 | D:2      | HP: 1/20 [poisoned by an adder]
  1145 | D:2      | Slain by a worm

Illustrated notes

Levels and vault maps discovered:
D:1:      amcnicky_arrival_wind_blow, layout_basic,
          chequers_ecumenical_altar_grove, minmay_misc_feat_pillars
D:2:      layout_basic

Action                   || total
-------------------------++-------
Melee: Club              ||    51
       Unarmed           ||     7
       Punch             ||     1
Armor: Robe              ||    14
Dodge: Dodged            ||    35

Table legend: (Time is in decaauts)
 A = Elapsed time spent in this place.
 B = Non-inter-level travel time spent in this place.
 C = Inter-level travel time spent in this place.
 D = Time resting spent in this place.
 E = Time spent auto-exploring this place.
 F = Levels seen in this place.
 G = Mean time per level.
                   A        B        C        D        E       F      G
               +--------+--------+--------+--------+--------+-----+--------+
         Total |   1158 |   1114 |     44 |    754 |      0 |   2 |  579.0 |
       Dungeon |   1158 |   1114 |     44 |    754 |      0 |   2 |  579.0 |
               +--------+--------+--------+--------+--------+-----+--------+

Top non-repeatable levels by time:
     D:1: 749 daAuts
     D:2: 409 daAuts
